 Dungeon Crawl Stone Soup version 0.30-a0-629-gd54f4be4f7 (webtiles) character file.

Game seed: 4492859776247485490

20862 ryw the Arsonist (level 12, 0/100 HPs)
             Began as a Red Draconian Fire Elementalist on Jan 13, 2023.
             Was an Elder of Vehumet.
             Constricted to death by an anaconda simulacrum (1 damage)
             ... in an ice cave.
             The game lasted 00:52:38 (15984 turns).

ryw the Arsonist (Red Draconian Fire Elementalist) Turns: 15984, Time: 00:52:39

Health: 0/100      AC: 12    Str: 10    XL:     12   Next: 49%
Magic:  22/22      EV: 12    Int: 26    God:    Vehumet [****..]
Gold:   342        SH:  7    Dex: 18    Spells: 8/25 levels left

rFire   + . .      SeeInvis .    a - +4 dagger "Morg" {pain, Will+ Int+5}
rCold   . . .      Faith    .    x - +1 buckler
rNeg    . . .      Spirit   .    (body armour unavailable)
rPois   .          Reflect  .    (helmet restricted)
rElec   .          Harm     .    N - scarf {repulsion}
rCorr   .          Rampage  .    (no gloves)
Will    +....                    (no boots)
Stlth   ++                       s - amulet of magic regeneration
HPRegen 0.36/turn                h - +4 ring of protection
MPRegen 0.58/turn                r - +6 ring of dexterity

@: swift, slowed, constricted, repel missiles
A: breathe fire, AC +8, unfitting armour, fire resistance 1, cold-blooded
a: Breathe Fire, Renounce Religion


You were in an ice cave.
You worshipped Vehumet.
Vehumet was greatly pleased with you.
You visited 3 branches of the dungeon, and saw 14 of its levels.
You also visited: Ice Cave.

You collected 666 gold pieces.
You spent 324 gold pieces at shops.

Inventory:

Hand Weapons
 a - the +4 dagger "Morg" (weapon) {pain, Will+ Int+5}
   (You found it on level 7 of the Dungeon)

   Int:       It affects your intelligence (+5).
   Will:      It increases your willpower.
 b - the +6 morningstar of the Endless Yaks {venom, rF+}
   (You found it on level 6 of the Dungeon)

   rF:        It protects you from fire.
 m - a +1 whip of freezing
 p - a +2 whip of venom
 q - a +4 sling
 w - a +2 trident of venom
 J - the +3 war axe of Lenufi {freeze, Contam +Blink rC+ Str+4}
   (You found it on level 9 of the Dungeon)

   Str:       It affects your strength (+4).
   rC:        It protects you from cold.
   +Blink:    It lets you blink.
   Contam:    It causes magical contamination when unequipped.
Missiles
 j - 6 atropa-tipped darts
Armour
 x - a +1 buckler (worn)
 N - a scarf of repulsion (worn)
Jewellery
 h - a +4 ring of protection (left hand)
 k - a ring of poison resistance
 r - a +6 ring of dexterity (right hand)
 s - an amulet of magic regeneration (around neck)
Wands
 e - a wand of roots (6)
 I - a wand of charming (4)
 K - a wand of light (3)
Scrolls
 g - 4 scrolls of teleportation
 i - 4 scrolls of fog
 l - a scroll of immolation
 y - 3 scrolls of amnesia
 B - a scroll of magic mapping
 C - a scroll of butterflies
 G - a scroll of silence {unknown}
 L - 2 scrolls of fear
Potions
 c - 7 potions of curing
 d - 3 potions of might
 f - a potion of attraction {unknown}
 n - 2 potions of magic
 o - 3 potions of ambrosia
 t - 2 potions of heal wounds
 u - a potion of mutation
 z - 3 potions of brilliance
 A - a potion of lignification
 D - a potion of resistance
 E - a potion of flight
 F - a potion of cancellation {unknown}
 M - a potion of haste
Miscellaneous
 v - a box of beasts


   Skills:
 + Level 7.1 Fighting
 - Level 1.4 Maces & Flails
 + Level 6.5 Dodging
 - Level 1.7 Stealth
 - Level 5.0 Shields
 - Level 7.0 Spellcasting
 - Level 8.0 Conjurations
 - Level 8.0 Necromancy
 - Level 13.0 Fire Magic
 - Level 6.0 Air Magic


You had 8 spell levels left.
You knew the following spells:

 Your Spells              Type           Power      Damage    Failure   Level
a - Foxfire               Conj/Fire      100%       2x1d9     1%          1
b - Scorch                Fire           100%       2d10      1%          2
c - Swiftness             Air            40%        N/A       1%          3
d - Flame Wave            Conj/Fire      59%        2d14      1%          4
e - Stone Arrow           Conj/Erth      58%        3d10      1%          3
f - Sticky Flame          Conj/Fire      59%        2d7       1%          4

Your spell library contained the following spells:

 Spells                   Type           Power      Damage    Failure   Level
 Dazzling Flash           Conj/Hex       58%        N/A       1%          3
 Shock                    Conj/Air       100%       1d9       1%          1
 Inner Flame              Hex/Fire       42%        N/A       1%          3
 Kindle Blastsparks       Fire/Tloc/Air  84%        2d17      1%          3
 Airstrike                Air            20%        2d(3-19)  1%          4
 Summon Lightning Spire   Summ/Air       24%        N/A       22%         4
 Storm Form               Tmut/Air       12%        N/A       100%        7
 Maxwell's Capacitive Co  Air            20%        ∞         100%        8


Dungeon Overview and Level Annotations

Branches:
Dungeon (12/15)            Temple (1/1) D:6            Lair (1/5) D:11
    Orc (0/2) D:12          IceCv (1/1)

Altars:
Ashenzari
Cheibriados
Fedhas
Gozag
Kikubaaqudgha
Nemelex Xobeh
Okawaru
Qazlal
Ru
Sif Muna
Trog
Uskayaw
Vehumet
Wu Jian
Xom
Zin

Shops:
D:10 *

Annotations:
D:12 3 runed translucent doors, exclusion: obsidian statue, sirJeffrey23's ghost, journeyman BaGl


Innate Abilities, Weirdness & Mutations

You can breathe blasts of fire.
Your fiery red scales are hard. (AC +8)
You cannot fit into any form of body armour.
Your flesh is heat resistant. (rF+)
You are cold-blooded and may be slowed by cold attacks.


Message History

The ice devil is heavily wounded.
The flame wave engulfs the ice devil but does no damage.
The ice devil is severely wounded. (Press . to intensify the flame waves.)
The ice devil barely misses you. The ice devil misses you.
The anaconda simulacrum grabs you. The anaconda simulacrum bites you.
The anaconda simulacrum freezes you!!
You feel as though you will be slow longer.
* * * LOW HITPOINT WARNING * * *
The anaconda simulacrum constricts you.
* * * LOW HITPOINT WARNING * * *
Okay, then.
Unknown command.
Unknown command.
Casting: Flame Wave (safe; 1% risk of failure)
Confirm with . or Enter, or press ? or * to list all spells.
Okay, then.
A wave of flame ripples out!
The flame wave engulfs the anaconda simulacrum.
The anaconda simulacrum melts!
The anaconda simulacrum is lightly damaged.
The flame wave engulfs the ice devil!
The ice devil is burned terribly!
The ice devil is severely wounded.
The flame wave engulfs the ice devil!!
The ice devil is burned terribly!
The ice devil is severely wounded.
The flame wave engulfs the ice devil!
The ice devil is burned terribly!
You kill the ice devil!
Vehumet accepts your kill.
You feel your power returning.
The flame wave engulfs the freezing wraith!!
The freezing wraith is burned terribly!
The freezing wraith is heavily damaged.
The flame wave engulfs the ice devil!!
The ice devil is burned terribly!
The ice devil is heavily wounded.
The anaconda simulacrum bites you.
* * * LOW HITPOINT WARNING * * *
The anaconda simulacrum freezes you!
* * * LOW HITPOINT WARNING * * *
The anaconda simulacrum constricts you.
You die...

..... ..... ._....
...44Z ....Z8#####
.......#..##
...Z.WZ#...##
#44@.#..# ##4..#..#
##.##..# #####
###..## ##...##
##..###### #.....#
#..## #[[#
##..#..####..###.)#
##...##..#
##..#8..##
##...####.##
##......#


You could see 5 ice devils, a freezing wraith, an anaconda simulacrum, a
three-headed hydra simulacrum and 2 polar bear simulacra.

Vanquished Creatures
  A boulder beetle (D:10)
  4 two-headed ogres
  4 skeletal warriors (D:12)
  A necromancer (D:11)
  A deep elf pyromancer (D:12)
  An ugly thing (IceCv)
  A cyclops (D:12)
  A manticore (D:11)
  Joseph (D:8)
  A gargoyle (D:10)
  Maggie (D:7)
  An unseen horror (D:11)
  A tengu conjurer (D:11)
  3 freezing wraiths (IceCv)
  5 ice devils (IceCv)
  3 komodo dragons
  A troll (D:11)
  A hornet (D:10)
  19 yaks
  A wyvern (D:5)
  Grum (D:11)
  A wraith (D:11)
  A death yak simulacrum (IceCv)
  4 vampire mosquitoes (D:12)
  A harpy simulacrum (IceCv)
  2 acid dragons
  4 water moccasins
  A hydra simulacrum (IceCv)
  3 sky beasts
  3 black bears
  5 orc warriors
  2 ogres
  4 wolves (D:11)
  3 centaurs
  A kobold brigand (D:8)
  A bullfrog (D:8)
  A necrophage (D:4)
  4 cane toad simulacra (IceCv)
  A scorpion (D:6)
  14 wights
  3 killer bees (D:7)
  A howler monkey (D:5)
  2 electric eels (D:12)
  2 jellies
  4 hounds
  10 orc priests
  7 iguanas
  15 orc wizards
  3 polar bear simulacra
  2 spriggan simulacra (IceCv)
  A troll simulacrum (IceCv)
  4 yak simulacra (D:11)
  9 wolf simulacra
  7 gnolls
  A naga simulacrum (IceCv)
  7 adders
  3 white imps
  4 ufetubi
  3 dart slugs
  A worm (D:3)
  42 orcs
  4 ball pythons
  An endoplasm (D:3)
  9 goblins
  7 hobgoblins
  3 quokkas
  2 bats
  A frilled lizard (D:1)
  10 kobolds
  A rat (D:2)
  2 river rat simulacra (D:11)
280 creatures vanquished.

Vanquished Creatures (collateral kills)
  3 foxfires (D:6)
3 creatures vanquished.

Vanquished Creatures (others)
  An orc wizard (D:3)
  1361 foxfires
  2 plants (D:6)
1364 creatures vanquished.

Grand Total: 1647 creatures vanquished

Notes
Turn   | Place    | Note
-------+----------+-------------------------------------------
     0 | D:1      | ryw the Draconian Fire Elementalist began the quest for the
                  | Orb.
     0 | D:1      | Reached XP level 1. HP: 14/14 MP: 3/3
   278 | D:1      | You fall into a shaft and drop 1 floor!
   299 | D:2      | Found an iron altar of Okawaru.
   667 | D:2      | Reached XP level 2. HP: 22/22 MP: 1/5
   940 | D:2      | Learned a level 2 spell: Scorch
  1118 | D:3      | Reached skill level 1 in Fighting
  1239 | D:3      | Reached XP level 3. HP: 24/28 MP: 0/6
  1432 | D:3      | Found a blossoming altar of Fedhas.
  2030 | D:3      | Reached XP level 4. HP: 35/35 MP: 0/7
  2433 | D:4      | Reached XP level 5. HP: 41/41 MP: 1/9
  3609 | D:4      | Reached skill level 4 in Fire Magic
  3609 | D:4      | Reached XP level 6. HP: 48/48 MP: 1/10
  4021 | D:5      | Entered Level 5 of the Dungeon
  4021 | D:5      | Noticed a wyvern
  4035 | D:5      | Killed a wyvern
  4218 | D:5      | Your scales start taking on a fiery red colour.
  4218 | D:5      | Reached skill level 5 in Fire Magic
  4218 | D:5      | Reached XP level 7. HP: 55/55 MP: 8/12
  4218 | D:5      | Gained mutation: Your flesh is heat resistant. (rF+) [Red
                  | Draconian growth]
  4548 | D:5      | Reached skill level 6 in Fire Magic
  5014 | D:5      | Found a hide-covered altar of Uskayaw.
  5417 | D:6      | Reached skill level 7 in Fire Magic
  5417 | D:6      | Reached XP level 8. HP: 49/61 MP: 8/14
  5683 | D:6      | Found a staircase to the Ecumenical Temple.
  5718 | Temple   | Entered the Ecumenical Temple
  5732 | Temple   | Became a worshipper of Vehumet
  5753 | Temple   | Learned a level 3 spell: Swiftness
  6130 | D:6      | Reached skill level 8 in Fire Magic
  6130 | D:6      | Reached skill level 1 in Air Magic
  6140 | D:6      | Identified the +6 morningstar of the Endless Yaks {venom,
                  | rF+}
  6303 | D:6      | Found an ancient bone altar of Kikubaaqudgha.
  6303 | D:6      | Found an iron altar of Okawaru.
  6313 | D:6      | Reached skill level 5 in Conjurations
  6348 | D:6      | Found a sparkling altar of Nemelex Xobeh.
  6512 | D:6      | Found a bloodstained altar of Trog.
  6978 | D:7      | Reached skill level 5 in Spellcasting
  7250 | D:7      | Learned a level 4 spell: Flame Wave
  7261 | D:7      | Reached skill level 1 in Maces & Flails
  7284 | D:7      | Reached skill level 1 in Shields
  7450 | D:7      | Noticed Maggie
  7611 | D:7      | Reached XP level 9. HP: 68/68 MP: 4/16
  7745 | D:7      | Found the +4 dagger "Morg" {pain, Will+ Int+5}
  8302 | D:7      | Reached skill level 9 in Fire Magic
  8343 | D:7      | Killed Maggie
  8344 | D:7      | Reached skill level 1 in Necromancy
  8517 | D:8      | Reached * piety under Vehumet
  8517 | D:8      | Offered knowledge of Sandblast by Vehumet.
  8603 | D:8      | Reached skill level 5 in Dodging
  8754 | D:8      | Reached skill level 10 in Fire Magic
  8773 | D:8      | Noticed Joseph
  8974 | D:8      | Found a sand-covered staircase.
  9029 | D:8      | Reached XP level 10. HP: 66/78 MP: 11/18
  9322 | D:8      | Killed Joseph
  9885 | D:8      | Reached ** piety under Vehumet
 10061 | D:9      | Offered knowledge of Static Discharge by Vehumet.
 10186 | D:9      | Identified the +3 war axe of Lenufi {freeze, Contam +Blink
                  | rC+ Str+4}
 10399 | D:10     | Entered Level 10 of the Dungeon
 10546 | D:10     | Noticed a two-headed ogre
 10552 | D:10     | Killed a two-headed ogre
 10553 | D:10     | Reached skill level 5 in Fighting
 10553 | D:10     | Reached skill level 11 in Fire Magic
 10700 | D:10     | Noticed a gargoyle
 10723 | D:10     | Killed a gargoyle
 10881 | D:10     | Found Ytrarr's Assorted Antiques.
 10889 | D:10     | Bought a glowing scarf for 288 gold pieces
 10889 | D:10     | Bought a scroll labelled RYOGHAGOEG for 36 gold pieces
 11107 | D:10     | Noticed a boulder beetle
 11129 | D:10     | Killed a boulder beetle
 11527 | D:11     | Noticed a two-headed ogre
 11532 | D:11     | Reached XP level 11. HP: 86/86 MP: 15/20
 11698 | D:11     | Noticed a necromancer
 11705 | D:11     | Killed a necromancer
 11728 | D:11     | Offered knowledge of Stone Arrow by Vehumet.
 11736 | D:11     | Learned a level 3 spell: Stone Arrow
 11768 | D:11     | Killed a two-headed ogre
 11769 | D:11     | Reached skill level 12 in Fire Magic
 12104 | D:11     | Reached skill level 5 in Shields
 12157 | D:11     | Reached *** piety under Vehumet
 12464 | D:11     | Noticed a two-headed ogre
 12476 | D:11     | Killed a two-headed ogre
 12477 | D:11     | Reached skill level 5 in Necromancy
 12740 | D:11     | Found a staircase to the Lair.
 12965 | D:11     | Noticed Grum
 13000 | D:11     | Killed Grum
 13223 | D:12     | Noticed a two-headed ogre
 13375 | D:12     | Reached skill level 5 in Air Magic
 13427 | D:12     | Found a runed translucent gate.
 13427 | D:12     | Found a runed translucent gate.
 13427 | D:12     | Found a runed translucent gate.
 13428 | D:12     | Found an opulent altar of Gozag.
 13429 | D:12     | Noticed a four-headed hydra
 13429 | D:12     | Noticed a crystal guardian
 13429 | D:12     | Noticed an obsidian statue
 13429 | D:12     | Noticed sirJeffrey23's ghost (journeyman BaGl)
 13430 | D:12     | Noticed an orc knight
 13441 | D:12     | Noticed a skeletal warrior
 13518 | D:12     | Noticed a deep elf pyromancer
 13526 | D:12     | Found a staircase to the Orcish Mines.
 13528 | D:12     | Killed a deep elf pyromancer
 13633 | D:12     | Reached skill level 13 in Fire Magic
 13650 | D:12     | Offered knowledge of Sticky Flame by Vehumet.
 13845 | D:12     | Learned a level 4 spell: Sticky Flame
 13849 | D:12     | Killed a two-headed ogre
 13972 | D:12     | Noticed a skeletal warrior
 13972 | D:12     | Noticed a skeletal warrior
 14139 | D:12     | Noticed a skeletal warrior
 14586 | D:12     | Killed a skeletal warrior
 14615 | D:12     | Noticed a skeletal warrior
 14643 | D:12     | HP: 4/86 [skeletal warrior/+0 trident (9)]
 14670 | D:12     | Killed a skeletal warrior
 14671 | D:12     | Reached XP level 12. HP: 28/94 MP: 12/22
 15250 | Lair:1   | Entered Level 1 of the Lair of Beasts
 15403 | Lair:1   | Found a frozen archway.
 15412 | IceCv    | Entered an ice cave
 15417 | IceCv    | Reached **** piety under Vehumet
 15474 | IceCv    | Offered knowledge of Dazzling Flash by Vehumet.
 15936 | IceCv    | Found an ancient bone altar of Kikubaaqudgha.
 15984 | IceCv    | HP: 1/100 [anaconda simulacrum (15)]
 15984 | IceCv    | Constricted to death by an anaconda simulacrum

Illustrated notes

Levels and vault maps discovered:
D:1:      co_arrival_random_square_maze, layout_basic,
          hellmonk_ecumenical_altar_inner_sanctum
D:2:      layout_basic, basic_altar
D:3:      layout_loops_ring, mainiacjoe_overflow_boulevard
D:4:      layout_gridville, minmay_crystal_room, minmay_goblin_outpost
D:5:      layout_loops_ring, kennysheep_mini_moat
D:6:      layout_loops_ring, mainiacjoe_overflow_chevrons,
          gammafunk_temple_overflow_forgotten, minmay_temple_entry_wispy,
          serial_bayou_crossing
D:7:      layout_basic, uniq_maggie
D:8:      nicolae_cairo_tiling_very_big, layout_loops_ring,
          nicolae_ossuary_entry_false_entrances, lightli_orcish_oven,
          uniq_joseph
D:9:      layout_basic
D:10:     layout_irregular_city, serial_shops, nicolae_square_shop, st_stairs_4
D:11:     layout_loops_ring, lair_entry_dummy, serial_co_window_serial,
          co_window_corner_a, co_window_of_opportunity_a,
          co_window_of_opportunity_a, co_window_paths_a, co_window_paths_a,
          co_window_corner_a, co_window_corner_a, co_window_corner_b,
          co_window_broadway_c, co_window_of_opportunity_c,
          co_window_broadway_a, glass_columns_a, glass_columns_c,
          glass_columns_a, glass_columns_c, glass_columns_a,
          gauntlet_entry_generic, eino_house_with_fridge, uniq_grum
D:12:     layout_basic, minmay_orc_entry_temple_small, ebering_ghost_gozag
Temple:   eino_temple_scatter_basement
Lair:1:   layout_cave_pods, portal_ice_cave_entry_pillars_1, uniq_fannar,
          uniq_prince_ribbit2
IceCv:    ice_cave_small_necro

Skill      XL: |  1  2  3  4  5  6  7  8  9 10 11 12 |
---------------+-------------------------------------+-----
Dodging        | 2 3 4 5 6 |  6.5
Fighting       | 1 2 4 5 7 |  7.1
Conjurations   | 2 3 4 5 6 7 8 |  8.0
Spellcasting   | 3 4 5 6 7 |  7.0
Fire Magic     | 4 5 7 8 10 11 13 | 13.0
Air Magic      | 2 3 6 |  6.0
Maces & Flails | 1 |  1.4
Shields        | 1 3 4 5 |  5.0
Necromancy     | 2 4 7 8 |  8.0
Stealth        | |  1.7

Action                   |  1- 3 |  4- 6 |  7- 9 | 10-12 || total
-------------------------+-------+-------+-------+-------++-------
Melee: Dagger            |    14 |     1 |     2 |    17 ||    34
       Tailslap          |     1 |       |       |     1 ||     2
       Whip              |       |     1 |     3 |       ||     4
       Morningstar       |       |       |       |     7 ||     7
 Cast: Foxfire           |    67 |   141 |   235 |   374 ||   817
       Flame Wave        |       |       |     9 |    21 ||    30
       Scorch            |       |       |     6 |    19 ||    25
       Swiftness         |       |       |     1 |     5 ||     6
       Stone Arrow       |       |       |       |    33 ||    33
       Sticky Flame      |       |       |       |    13 ||    13
 Abil: Breathe Fire      |       |       |    15 |    28 ||    43
Evoke: Wand              |       |       |       |     3 ||     3
  Use: Scroll            |     3 |     1 |    10 |     9 ||    23
       Potion            |       |       |     1 |     3 ||     4
Armor: Skin              |    27 |    11 |    39 |    48 ||   125
Dodge: Dodged            |    36 |    17 |    71 |   153 ||   277
       Repelled          |       |       |       |     3 ||     3
Block: Buckler           |       |       |    15 |    76 ||    91

Table legend: (Time is in decaauts)
 A = Elapsed time spent in this place.
 B = Non-inter-level travel time spent in this place.
 C = Inter-level travel time spent in this place.
 D = Time resting spent in this place.
 E = Time spent auto-exploring this place.
 F = Levels seen in this place.
 G = Mean time per level.
                   A        B        C        D        E       F      G
               +--------+--------+--------+--------+--------+-----+--------+
         Total |  16042 |  15197 |    845 |   3109 |   9230 |  15 | 1069.5 |
       Dungeon |  15245 |  14417 |    828 |   2676 |   9130 |  12 | 1270.4 |
        Temple |     67 |     50 |     17 |      0 |     34 |   1 |   67.0 |
          Lair |    138 |    138 |      0 |    114 |      0 |   1 |  138.0 |
      Ice Cave |    590 |    590 |      0 |    319 |     66 |   1 |  590.0 |
               +--------+--------+--------+--------+--------+-----+--------+

Top non-repeatable levels by time:
    D:11: 1844 daAuts
    D:12: 1808 daAuts
     D:8: 1620 daAuts
     D:7: 1513 daAuts
     D:4: 1431 daAuts
     D:6: 1429 daAuts
     D:5: 1367 daAuts
     D:3: 1330 daAuts
    D:10: 1249 daAuts
     D:2: 982 daAuts
   IceCv: 590 daAuts
     D:9: 391 daAuts
     D:1: 278 daAuts
  Lair:1: 138 daAuts
  Temple: 67 daAuts
